 Dungeon Crawl Stone Soup version 0.29.1-15-g9cfb28693d (webtiles) character file.

Game seed: 8500818657392116294

40 JeweledSpear the Grave Robber (level 3, -9/24 HPs)
             Began as a Human Necromancer on Mar 13, 2023.
             Mangled by a gnoll
             ... wielding a +0 halberd
              (14 damage)
             ... on level 2 of the Dungeon.
             The game lasted 00:24:05 (814 turns).

JeweledSpear the Grave Robber (Human Necromancer)    Turns: 814, Time: 00:24:06

Health: -9/24      AC:  2    Str:  8    XL:     3   Next: 72%
Magic:  1/6        EV: 12    Int: 17    God:
Gold:   32         SH:  0    Dex: 13    Spells: 2/6 levels left

rFire   . . .      SeeInvis .   (no weapon)
rCold   . . .      Faith    .   (no shield)
rNeg    . . .      Spirit   .   a - +0 robe
rPois   .          Reflect  .   (no helmet)
rElec   .          Harm     .   (no cloak)
rCorr   .          Rampage  .   (no gloves)
Will    .....                   (no boots)
Stlth   ++........              (no amulet)
HPRegen 0.08/turn               (no ring)
MPRegen 0.10/turn               (no ring)

@: no status effects
A: no striking features
a: no special abilities


You were on level 2 of the Dungeon.
You visited 1 branch of the dungeon, and saw 2 of its levels.

You collected 32 gold pieces.

Inventory:

Hand Weapons
 d - a +0 hand axe
 h - a +2 whip of freezing
 i - a +0 short sword
Missiles
 c - 10 stones
Armour
 a - a +0 robe (worn)
 e - a +0 robe
Scrolls
 f - a scroll of fog {unknown}
 g - a scroll of blinking {unknown}
 j - a scroll of vulnerability {unknown}
 l - a scroll of immolation {unknown}
 n - a scroll of teleportation {unknown}
Potions
 b - a potion of magic
 k - a potion of curing {unknown}
 m - a potion of ambrosia {unknown}


   Skills:
 + Level 2.0 Dodging
 + Level 2.6 Stealth
 + Level 2.4 Spellcasting
 + Level 4.6 Necromancy


You had 2 spell levels left.
You knew the following spells:

 Your Spells              Type           Power      Damage    Failure   Level
a - Necrotise             Necr           68%        1d7       2%          1
b - Vampiric Draining     Necr           17%        2d7       9%          3

Your spell library contained the following spells:

 Spells                   Type           Power      Damage    Failure   Level
 Ensorcelled Hibernation  Hex/Ice        4%         N/A       28%         2
 Animate Dead             Necr           17%        N/A       28%         4
 Spider Form              Tmut/Pois      2%         N/A       50%         3
 Anguish                  Hex/Necr       4%         N/A       58%         4
 Agony                    Necr           17%        N/A       61%         5


Dungeon Overview and Level Annotations

Branches:
Dungeon (2/15)

Altars:


Message History

Your gnoll skeleton hits the gnoll.
An endoplasm comes into view.
The gnoll barely misses you.
Casting: Necrotise (safe; 3% risk of failure)
Confirm with . or Enter, or press ? or * to list all spells.
Aiming: Necrotise (safe; 3% risk of failure)
Press: ? - help, Shift-Dir - straight line, f - gnoll
Aim: a gnoll, wielding a +0 halberd (moderately wounded, ally target, chance to affect: 81%)
The gnoll writhes in agony!
The endoplasm quivers.
The gnoll closely misses you.
Your gnoll skeleton hits the gnoll but does no damage.
Casting: Necrotise (safe; 3% risk of failure)
Confirm with . or Enter, or press ? or * to list all spells.
Aiming: Necrotise (safe; 3% risk of failure)
Press: ? - help, Shift-Dir - straight line, f/p - gnoll
Aim: a gnoll, wielding a +0 halberd (almost dead, not watching you, ally target, chance to affect: 81%)
The gnoll writhes in agony.
The gnoll closely misses you.
The gnoll hits you from afar with a +0 spear.
Your gnoll skeleton hits the gnoll but does no damage.
Casting: Necrotise (safe; 3% risk of failure)
Confirm with . or Enter, or press ? or * to list all spells.
You don't have enough magic to cast this spell.
The gnoll misses you.
A gnoll comes into view. It is wielding a +0 halberd.
The gnoll closely misses you.
Your gnoll skeleton hits the gnoll.
The gnoll dies!
The gnoll hits you with a +0 spear.
You completely miss the gnoll. The gnoll hits you with a +0 spear.
Your gnoll skeleton hits the gnoll.
The gnoll barely misses you. The gnoll closely misses you.
Your gnoll skeleton hits the gnoll.
The gnoll hits you with a +0 halberd!
* * * LOW HITPOINT WARNING * * *
The gnoll misses you.
Your gnoll skeleton barely misses the gnoll.
The endoplasm attacks as you move away! The endoplasm misses you.
The gnoll hits you from afar with a +0 halberd!
Ouch! That really hurt!
You die...

#### #.. .#### #.#
#
.....####@###.##..
#####....J.........
..........g<)......
##.....gZ##..#.#..
#......)## .## #
.....###.# .# ##.#
#.# ## # #.# #.#


You could see 2 gnolls, an endoplasm and a friendly gnoll skeleton.

Vanquished Creatures
  A gnoll (D:2)
  A dart slug (D:1)
  2 ball pythons (D:1)
  An endoplasm (D:1)
  5 hobgoblins (D:1)
  A kobold (D:1)
  A quokka (D:1)
  A frilled lizard (D:1)
  A goblin (D:1)
  3 rats (D:1)
17 creatures vanquished.

Vanquished Creatures (collateral kills)
  A gnoll (D:2)
1 creature vanquished.

Grand Total: 18 creatures vanquished

Notes
Turn   | Place    | Note
-------+----------+-------------------------------------------
     0 | D:1      | JeweledSpear the Human Necromancer began the quest for the
                  | Orb.
     0 | D:1      | Reached XP level 1. HP: 13/13 MP: 3/3
   238 | D:1      | Reached XP level 2. HP: 19/19 MP: 1/5
   506 | D:1      | Found a faded altar of an unknown god.
   672 | D:1      | Reached XP level 3. HP: 24/24 MP: 3/6
   739 | D:1      | Learned a level 3 spell: Vampiric Draining
   814 | D:2      | Mangled by a gnoll

Illustrated notes

Levels and vault maps discovered:
D:1:      amcnicky_arrival_abandoned_market, layout_basic,
          ebering_ecumenical_altar_ruins
D:2:      layout_rooms, basic_altar, serial_shops, nicolae_shop_crystal,
          minmay_misc_feat_pillars, uniq_jessica

Action                   || total
-------------------------++-------
Melee: Unarmed           ||     3
 Cast: Necrotise         ||    32
Dodge: Dodged            ||    13
